 Dungeon Crawl Stone Soup version 0.23.2-1-ga50397a (webtiles) character file.

Game seed: 18428677508997740711

88 doot the Magician (level 4, -12/24 HPs)
             Began as a Deep Elf Fire Elementalist on May 21, 2019.
             Killed by divine providence
             ... invoked by an orc priest
              (14 damage)
             ... on level 3 of the Dungeon.
             The game lasted 00:06:26 (2342 turns).

doot the Magician (Deep Elf Fire Elementalist)      Turns: 2342, Time: 00:06:27

Health: -12/24     AC:  2    Str:  5    XL:     4   Next: 29%
Magic:  6/12       EV: 13    Int: 21    God:
Gold:   74         SH:  0    Dex: 15    Spells: 2/11 levels left

rFire    . . .     SeeInvis .   l - +0 short sword
rCold    . . .     Gourm    .   (no shield)
rNeg     . . .     Faith    .   a - +0 robe
rPois    .         Spirit   .   (no helmet)
rElec    .         Reflect  .   (no cloak)
rCorr    .         Harm     .   (no gloves)
MR       .....                  (no boots)
Stlth    ++........             (no amulet)
HPRegen  0.08/turn              (no ring)
MPRegen  0.13/turn              (no ring)

@: no status effects
A: no striking features
a: no special abilities


You were on level 3 of the Dungeon.
You were not hungry.

You visited 1 branch of the dungeon, and saw 3 of its levels.

You collected 74 gold pieces.

Inventory:

Hand Weapons
 l - a +0 short sword (weapon)
Missiles
 b - a throwing net (quivered)
Armour
 a - a +0 robe (worn)
Scrolls
 d - 3 scrolls of remove curse {unknown}
 e - 2 scrolls of enchant weapon {unknown}
 g - 3 scrolls of noise {unknown}
 k - a scroll of enchant armour {unknown}
 m - a scroll of magic mapping {unknown}
Potions
 h - a potion of flight {unknown}
 i - a potion of heal wounds {unknown}
 j - a potion of degeneration {unknown}
Comestibles
 c - 2 rations
 f - 3 chunks of flesh


   Skills:
 + Level 2.6 Dodging
 + Level 2.7 Stealth
 + Level 4.2 Spellcasting
 + Level 2.4 Conjurations
 + Level 4.1 Fire Magic


You had 2 spell levels left.
You knew the following spells:

 Your Spells              Type           Power        Failure   Level  Hunger
a - Flame Tongue          Conj/Fire      ###..        3%          1    None
b - Throw Flame           Conj/Fire      ###...       4%          2    #......
c - Conjure Flame         Conj/Fire      ###.....     9%          3    ###....
d - Inner Flame           Hex/Fire       ##......     16%         3    ###....

Your spell library contained the following spells:

 Spells                   Type           Power        Failure   Level  Hunger
 Sticky Flame             Conj/Fire      ###.....     30%         4    ####...
 Fireball                 Conj/Fire      ###.......   63%         5    ######.


Dungeon Overview and Level Annotations

Branches:
Dungeon (3/15)

Altars:
Makhleb
Wu Jian
Zin

Annotations:
D:2 Sigmund, Terence


Message History

An orc priest comes into view. It is wielding a +0 mace.
The orc priest shouts!
The orc wizard shouts!
The orc priest calls down the wrath of Beogh upon you.
Beogh smites you!
Ouch! That really hurt!
Unknown command.
Casting: Conjure Flame (safe; 9% risk of failure)
Confirm with . or Enter, or press ? or * to list all spells.
Aiming: Inner Flame (safe; 16% risk of failure)
Press: ? - help, Shift-Dir - straight line, f - orc
Aim: an orc, wielding a +0 dagger (chance to defeat MR: 81%)
The orc is filled with an inner flame.
The orc priest shouts!
The orc priest mumbles some strange prayers to Beogh against you.
Beogh smites you!
* * * LOW HITPOINT WARNING * * *
The orc priest invokes the aid of Beogh against you.
Beogh smites you!
Ouch! That really hurt!
You die...

### ####
#.#############.#.
#...............#<
#@#############.#.
#.# #.#. #.# #.#.
#ยง# #.## ###o#
#.#


).ogo ###### #.# ..o.. #....####.## o..o.. +....+...... g.....###....####... You
could see 2 orc priests, an orc wizard, 2 orcs and a hobgoblin.

Vanquished Creatures
  2 adders
  An ooze (D:1)
  3 worms (D:2)
  A leopard gecko (D:1)
  A giant cockroach (D:1)
  12 hobgoblins
  5 jackals
  8 kobolds
  2 quokkas (D:2)
  A ball python (D:2)
  5 bats
  4 frilled lizards
  5 goblins
  A rat (D:1)
51 creatures vanquished.

Notes
Turn   | Place    | Note
-------+----------+-------------------------------------------
     0 | D:1      | doot the Deep Elf Fire Elementalist began the quest for the
                  | Orb.
     0 | D:1      | Reached XP level 1. HP: 10/10 MP: 6/6
   349 | D:1      | Reached XP level 2. HP: 15/15 MP: 6/8
   353 | D:1      | Learned a level 2 spell: Throw Flame
  1049 | D:2      | Noticed Sigmund
  1049 | D:2      | Noticed Terence
  1294 | D:2      | Reached XP level 3. HP: 19/19 MP: 8/10
  1299 | D:2      | Learned a level 3 spell: Conjure Flame
  1303 | D:2      | Learned a level 3 spell: Inner Flame
  1316 | D:2      | Found an ornate altar of the Wu Jian Council.
  1316 | D:2      | Found a burning altar of Makhleb.
  1316 | D:2      | Found a glowing silver altar of Zin.
  1927 | D:2      | Reached XP level 4. HP: 24/24 MP: 2/12
  2342 | D:3      | Killed from afar by an orc priest

Skill      XL: |  1  2  3 |
---------------+----------+-----
Spellcasting   | 4 |  4.2
Conjurations   | 2 |  2.4
Fire Magic     | 4 |  4.1
Dodging        | |  2.6
Stealth        | |  2.7

Action                   |  1- 3 |  4- 6 || total
-------------------------+-------+-------++-------
Melee: Unarmed           |     3 |       ||     3
 Cast: Flame Tongue      |    78 |    14 ||    92
       Throw Flame       |    15 |     2 ||    17
       Conjure Flame     |     1 |     1 ||     2
       Inner Flame       |       |     1 ||     1
  Eat: Chunk             |     3 |     2 ||     5
Armor: Robe              |     2 |     1 ||     3
Dodge: Dodged            |    17 |       ||    17
